 Dungeon Crawl Stone Soup version 0.32-a0-931-g5a2cda0630 (webtiles) character file.

Game seed: 15621747684512735178

200646 HHeCNeOSiFe the Tortoise (level 18, -2/115 HPs)
             Began as a Vine Stalker Berserker on Apr 13, 2024.
             Was a High Priest of Trog.
             Blown up by an orb spider (35 damage)
             ... with an orb of destruction
             ... on level 1 of the Spider Nest.
             The game lasted 01:20:09 (26768 turns).

HHeCNeOSiFe the Tortoise (Vine Stalker Berserker)  Turns: 26768, Time: 01:20:10

Health: -2/115     AC: 38    Str: 26    XL:     18   Next: 52%
Magic:  0/22       EV: 13    Int:  7    God:    Trog [*****.]
Gold:   2914       SH:  0    Dex: 19    Spells: 21/21 levels left

rFire   + + .        a - +3 rapier of the Sharing Shark {elec, rElec rF+}
rCold   + . .        q - +2 kite shield {AC+3} {AC+3}
rNeg    . . .        x - +7 gold dragon scales
rPois   +            m - +0 helmet "Gaeni" {Harm Dex+3 Slay+5}
rElec   +            L - scarf {repulsion}
rCorr   .            l - +2 pair of gloves
SInv    .            E - +0 pair of boots
Will    +++++        g - amulet of reflection Stlth
                     K - ring of willpower
HPRegen 2.19/turn    p - +5 ring of evasion
MPRegen 0.18/turn

%: harm (+30% outgoing, +20% incoming), repel missiles, reflection, guardian
spirit
@: confused, strong-willed, regenerating, hasted, very quick
A: fangs 3, regeneration 1, magic shield, antimagic bite, no potion heal 2,
poison resistance, robust 1, wild magic 1, inability to read after injury 1,
MP-powered wands
}: 1/15 runes: barnacled
a: Renounce Religion, Berserk, Trog's Hand, Brothers in Arms


You were on level 1 of the Spider Nest.
You worshipped Trog.
Trog was extremely pleased with you.
You visited 6 branches of the dungeon, and saw 29 of its levels.
You also visited: Sewer, Bailey, Gauntlet and Ice Cave.

You collected 3809 gold pieces.
You spent 895 gold pieces at shops.

Inventory:

Hand Weapons
 a - the +3 rapier of the Sharing Shark (weapon) {elec, rElec rF+}
   (You found it on level 10 of the Dungeon)

   rF+:       It protects you from fire.
   rElec:     It insulates you from electricity.
 b - a +2 sling of freezing
 P - a +6 quick blade of freezing
Missiles
 d - 42 poisoned darts
 h - 4 throwing nets {=f}
 n - 4 curare-tipped darts
 v - 6 atropa-tipped darts
 z - 6 datura-tipped darts
Armour
 l - a +2 pair of gloves (worn)
 m - the +0 helmet "Gaeni" (worn) {Harm Dex+3 Slay+5}
   (You acquired it on level 6 of the Dungeon)

   Dex+3:     It affects your dexterity (+3).
   Slay+5:    It affects your accuracy & damage with ranged weapons and melee
   (+5).
   Harm:      It increases damage dealt and taken.
 q - a +2 kite shield of protection (worn) {AC+3}
 x - +7 gold dragon scales (worn)
 E - a +0 pair of boots (worn)
 L - a scarf of repulsion (worn)
Jewellery
 g - an amulet of reflection (around neck)
 p - a +5 ring of evasion (right hand)
 C - a ring of resist corrosion
 F - a ring of protection from fire
 K - a ring of willpower (left hand)
 N - a ring of positive energy {rN+}
 S - a ring of see invisible
 V - a +4 ring of protection
Wands
 s - a wand of paralysis (22)
 u - a wand of polymorph (16)
 w - a wand of flame (54)
 D - a wand of digging (5)
 G - a wand of iceblast (5)
 M - a wand of mindburst (4)
 Q - a wand of acid (6)
Scrolls
 e - 2 scrolls of fear
 f - a scroll of fog
 i - 16 scrolls of identify
 t - 14 scrolls of teleportation
 y - 3 scrolls of vulnerability {!r!r}
 A - 7 scrolls of poison {!r}
 B - a scroll of blinking {!r}
 H - 3 scrolls of immolation {!r}
 R - 3 scrolls of butterflies
 U - 2 scrolls of revelation
Potions
 c - 11 potions of curing
 j - 7 potions of attraction {!q}
 k - 5 potions of might
 o - 9 potions of haste
 r - 3 potions of mutation {!q}
 I - 2 potions of cancellation
Miscellaneous
 J - a phantom mirror
 O - a lightning rod (4/4)
 T - a box of beasts


   Skills:
 + Level 15.8 Fighting
 - Level 14.0 Short Blades
 + Level 16.3 Armour
 - Level 7.0 Dodging
 * Level 11.4 Shields
 - Level 2.3 Spellcasting
 - Level 5.0 Evocations


You had 21 spell levels left.
You didn't know any spells.
Your spell library contained the following spells:

 Spells                   Type           Power      Damage    Failure   Level
 Freeze                   Ice            4%         1d3       100%        1
 Necrotise                Necr           4%         1d4       100%        1
 Sandblast                Erth           2%         2d4       100%        1
 Slow                     Hex            4%         N/A       100%        1
 Sting                    Conj/Alch      4%         1d3       100%        1
 Blink                    Tloc           2%         N/A       100%        2
 Lesser Beckoning         Tloc           2%         N/A       100%        2
 Mercury Vapours          Alch/Air       2%         N/A       100%        2
 Momentum Strike          Conj/Tloc      2%         3d8       100%        2
 Sublimation of Blood     Necr           1%         N/A       100%        2
 Confusing Touch          Hex            1%         N/A       100%        3
 Frozen Ramparts          Ice            2%         1d1       100%        3
 Hailstorm                Conj/Ice       1%         3d5       100%        3
 Stone Arrow              Conj/Erth      2%         3d7       100%        3
 Tukima's Dance           Hex            1%         N/A       100%        3
 Vampiric Draining        Necr           1%         2d6       100%        3
 Volatile Blastmotes      Fire/Tloc      2%         2d10      100%        3
 Brom's Barrelling Bould  Conj/Erth      1%         2d3       100%        4
 Dimensional Bullseye     Hex/Tloc       0%         N/A       100%        4
 Fulminant Prism          Conj/Alch      0%         3d5       100%        4
 Ignite Poison            Fire/Alch      1%         N/A       100%        4
 Iskenderun's Mystic Bla Conj/Tloc 1%             2d3        (+2d1     100%        4
 Martyr's Knell           Necr/Summ      1%         N/A       100%        4
 Olgreb's Toxic Radiance  Alch           1%         N/A       100%        4
 Petrify                  Alch/Erth      1%         N/A       100%        4
 Sticky Flame             Fire/Alch      1%         2d4       100%        4
 Curse of Agony           Necr           1%         N/A       100%        5
 Irradiate                Conj/Alch      0%         3d11      100%        5
 Iskenderun's Battlesphe  Conj           1%         2d6       100%        5
 Summon Forest            Summ/Tloc      0%         N/A       100%        5
 Summon Mana Viper        Hex/Summ       1%         N/A       100%        5
 Bombard                  Conj/Erth      0%         9d1       100%        6
 Eringya's Noxious Bog    Alch           0%         4d6       100%        6
 Summon Cactus Giant      Summ           0%         N/A       100%        6
 Spellforged Servitor     Conj/Summ      0%         N/A       100%        7
 Summon Hydra             Summ           0%         N/A       100%        7
 Ignition                 Fire           0%         3d3       100%        8
 Chain Lightning          Conj/Air       0%         2d1       100%        9
 Fire Storm               Conj/Fire      0%         6d1       100%        9
 Shatter                  Erth           0%         3d5*      100%        9


Dungeon Overview and Level Annotations

Branches:
Dungeon (15/15)            Temple (0/1) D:7            Lair (5/5) D:11
 Shoals (4/4) Lair:2       Spider (1/4) Lair:3        Slime (0/5) Lair:4
    Orc (2/2) D:11            Elf (2/3) Orc:2        Vaults (0/5) D:13
 Depths (0/4) D:15          Sewer (visited)          Bailey (visited)
  IceCv (visited)         Gauntlet (visited)

Altars:
Ashenzari
Cheibriados
Dithmenos
Elyvilon
Kikubaaqudgha
Ru
Trog
Uskayaw
Vehumet
Wu Jian
Xom
Zin
Beogh
Jiyva

Shops:
D:3 (   D:4 [   D:9 [   Orc:2 (***[(   Shoals:1 (   Shoals:2 (   Shoals:3 [

Annotations:
Shoals:4 Roxanne
Spider:1 2 transporters, Seadyr's ghost, adept MDFi


Innate Abilities, Weirdness & Mutations

You have razor-sharp teeth.
Your natural rate of healing is unusually fast.
When hurt, damage is shared between your health and your magic reserves.
Your bite disrupts and absorbs the magic of your enemies.
Potions cannot restore your health.
Your system is resistant to poisons. (rPois)
You are robust. (+10% HP)
Your spells are a little harder to cast, but a little more powerful.
You occasionally lose the ability to read scrolls when taking damage.
You expend magic power (3 MP) to strengthen your wands.


Message History

The tarantella touches you!
* * * LOW HITPOINT WARNING * * *
You take 5 damage, and have 31/115 hp.
The redback closely misses you.
The redback bites you but does no damage.
The tarantella touches you but does no damage.
Things that are here:
a wolf spider corpse; a redback corpse You regained 2 hp, and now have 33/115 hp.
You can read scrolls again.
Your ogre rages.
You regained 2 hp, and now have 35/115 hp.
The orb spider dies!
The tarantella barely misses you. The redback attacks as it pursues you!
The redback bites you.
* * * LOW HITPOINT WARNING * * *
The tarantella touches you!
* * * LOW HITPOINT WARNING * * *
You take 8 damage, and have 27/115 hp.
You now have 8/22 mp.
You closely miss the tarantella.
The redback bites you but does no damage.
You barely miss the tarantella. You bite the tarantella! You drain its power.
You feel invigorated.
The redback bites you but does no damage.
The tarantella barely misses you.
The orb spider weaves a glowing orb of energy.
An orb of destruction comes into view.
You regained 2 hp, and now have 30/115 hp.
You regained 12 mp, and now have 20/22 mp.
You are too confused!
Okay, then.
You are too confused!
You feel yourself speed up.
The tarantella touches you but does no damage.
The redback bites you but does no damage.
The tarantella closely misses you. The redback completely misses you.
You regained 2 hp, and now have 32/115 hp.
You puncture the redback! The orb of destruction hits you!!!
* * * LOW MAGIC WARNING * * *
You die...

....^# ##.#... #.#.......#.####
.....# #.$.#..##...##....###
.....# .#.##...#...#....#.##
.....# ..##....#...........#
...#.## .#...#..#.#........##
......## (...O.†.†.....^.#..#
.......## ##.s○..††........#####
..#.....#######○ss...^..#..###.##
................@.....#....##^..#
.............#.............#....#
........#.........#...^#.....#...
.#.^.........#.................#.
.....#.............#......##.....
..........)..#..#.........#^#..#.
................^..^#.#..........
.......#.....)...................
#........#...)#.............)#...


You could see an orb spider (ally target), a tarantella, a redback and a
friendly ogre (summoned, berserk).

Levels and vault maps discovered:
D:1:      minmay_arrival_jagged, layout_basic, shapermc_ecumenical_altar_pompeii
D:2:      layout_rooms, basic_altar, uniq_robin, uniq_jessica
D:3:      layout_basic, serial_shops, shop
D:4:      layout_loops_cross, nicolae_overflow_crystal_walls,
          nicolae_overflow_hallway_of_the_gods, serial_bayou,
          serial_bayou_lagoon_b, serial_bayou_lake_a, serial_bayou_ford_a,
          serial_bayou_lagoon_a, serial_bayou_pond_c, serial_bayou_pond_d,
          minmay_misc_feat_diagonals, grunt_ministairs_8, nicolae_stop_n_shop_2
D:5:      layout_layer_cave, nicolae_kite_square_tiling_tiny,
          dilly_guarded_unrand_morg, uniq_grinder
D:6:      layout_cave_pools, gup_sewer_entry_bubbles, minivault_25,
          uniq_eustachio
D:7:      layout_basic, temple_pool_b, chequers_jeans
D:8:      layout_basic, mainiacjoe_overflow_catwalk
D:9:      layout_cave_pools, mainiacjoe_overflow_paths, kennysheep_mini_moat,
          serial_shops, shop, kennysheep_cross_room
D:10:     layout_loops_ring, enter_bailey_2, ebering_ghost_inner_flame
D:11:     layout_roguey, david_lair_generic
D:12:     layout_roguey, kiku_gazebo_garden_becter
D:13:     layout_roguey, david_vaults_2, uniq_kirke
D:14:     layout_rooms, serial_corexii_hall, corexii_hall_statues_i,
          chequers_hall_statues_corner_a, hangedman_glass_teeth, uniq_nessos
D:15:     hangedman_depths_entry_civil_slaughter, layout_rooms,
          wad_floor_pattern_untrapped
Lair:1:   layout_small_grid, beast_lair_carwin_10, uniq_amaemon
Lair:2:   layout_cave_pods, minmay_shoals_entry_lonely_mermaid,
          gammafunk_ghost_hive, nicolae_quartered_pool_little,
          serial_bayou_shore_b, lemuel_fruit_tree, grunt_megastairs_3
Lair:3:   nzn_winding_woodlands_small [nzn_winding_woodlands_5x15_default,
          nzn_winding_woodlands_center_triple_pond,
          nzn_winding_woodlands_5x15_default], layout_cave_pods,
          spider_nest_entry_rubble, eino_small_chamber_without_monster,
          nzn_masters_of_martial_movement
Lair:4:   layout_regular_city, minmay_slime_entry_oklob_open,
          cheibrodos_lair_lostbears, uniq_josephine, uniq_rupert
Lair:5:   cheibrodos_lair_end_hotspot, layout_gridlike, gauntlet_entry_generic
Shoals:1: layout_shoals, serial_shops, shop
Shoals:2: layout_shoals, ebering_ghost_rock_garden, serial_shops,
          nicolae_shop_trees, portal_ice_cave_entry_pillars_three
Shoals:3: layout_shoals, serial_shops, shop
Shoals:4: shoals_end_simple, layout_shoals, overgrown_hall, uniq_roxanne,
          uniq_bai_suzhen
Spider:1: cheibrodos_forgotten_conduit, gammafunk_ghost_mausoleum
Orc:1:    layout_caves, blackcustard_mines_bat_river, uniq_urug, uniq_fannar
Orc:2:    grunt_orc_community_town_hall, layout_diamond_mine,
          grunt_orc_community_big_house_2, grunt_orc_community_big_house_2,
          grunt_orc_community_house_1, grunt_orc_community_house_1,
          grunt_orc_community_house_3, grunt_orc_community_house_2,
          nicolae_alphabet_shops, nicolae_orc_stony_grotto,
          nicolae_shop_firing_range
Elf:1:    eino_elf_arrival_customs, layout_geoelf_grid, evilmike_minifort,
          drop_trap, nicolae_elf_stone_circles
Elf:2:    elven_hall_of_blades_hangedman_alternative
          [nicolae_blade_entry_crossed_weapons], layout_gridlike, serial_shops,
          nicolae_shop_tiny_glass, basic_altar, uniq_jorgrun

Notes
Turn   | Place    | Note
-------+----------+-------------------------------------------
     0 | D:1      | HHeCNeOSiFe the Vine Stalker Berserker began the quest for
                  | the Orb.
     0 | D:1      | Reached XP level 1. HP: 11/11 MP: 2/2
    29 | D:1      | Identified a +0 whip
    39 | D:1      | Identified a +0 club
    54 | D:1      | Reached XP level 2. HP: 14/16 MP: 1/3
   178 | D:1      | Reached skill level 3 in Short Blades
   223 | D:1      | Identified a +0 short sword
   270 | D:1      | Identified a +0 dagger
   271 | D:1      | Identified a +0 club
   340 | D:1      | Identified an amulet of guardian spirit
   354 | D:1      | Found a faded altar of an unknown god.
   361 | D:1      | Identified a ring of protection from fire
   385 | D:1      | Identified a +0 club
   393 | D:1      | Reached XP level 3. HP: 19/19 MP: 4/4
   488 | D:1      | Reached skill level 2 in Dodging
   597 | D:1      | Identified a +0 quarterstaff
   628 | D:1      | Reached skill level 3 in Fighting
   643 | D:1      | Identified an amulet of reflection
   756 | D:2      | Reached ** piety under Trog
   765 | D:2      | Reached skill level 2 in Armour
   812 | D:2      | Reached XP level 4. HP: 24/24 MP: 2/5
   841 | D:2      | Found a broken altar of Ashenzari.
   867 | D:2      | Identified a +0 spear
   867 | D:2      | Identified a +0 animal skin
   867 | D:2      | Identified a +2 helmet
   867 | D:2      | Noticed Robin
   868 | D:2      | Identified a +0 dagger
   869 | D:2      | Identified a +0 dagger
   869 | D:2      | Identified a +0 club
   869 | D:2      | Identified a +0 sling
   869 | D:2      | Identified a +0 club
   869 | D:2      | Identified a +0 club
   870 | D:2      | Identified a +0 dagger
   870 | D:2      | Identified a +0 sling
   893 | D:2      | Identified a +0 club
   894 | D:2      | Identified a +0 club
   896 | D:2      | Identified a +0 club
   914 | D:2      | Killed Robin
  1022 | D:2      | Identified a +0 club
  1022 | D:2      | Identified a +0 sling
  1022 | D:2      | Identified a +0 hand axe
  1024 | D:2      | Identified a +0 club
  1024 | D:2      | Identified a +0 sling
  1128 | D:2      | Identified an orb of mayhem
  1129 | D:2      | Identified a +0 club
  1129 | D:2      | Identified a +0 robe
  1129 | D:2      | Noticed Jessica
  1135 | D:2      | Killed Jessica
  1136 | D:2      | Reached XP level 5. HP: 28/28 MP: 6/6
  1149 | D:2      | Identified a +0 whip
  1149 | D:2      | Identified a +0 leather armour
  1299 | D:2      | Identified a +0 dagger
  1369 | D:2      | Identified a +0 short sword
  1468 | D:3      | Identified a +0 club
  1470 | D:3      | Identified a +0 flail
  1470 | D:3      | Identified a +0 leather armour
  1487 | D:3      | Reached *** piety under Trog
  1560 | D:3      | Identified a +0 mace
  1688 | D:3      | Reached skill level 4 in Short Blades
  1764 | D:3      | Identified a +0 spear
  1854 | D:3      | Identified a +0 dagger
  1990 | D:3      | Found Wumorgh's Antique Weapon Emporium.
  1992 | D:3      | Identified a +0 short sword
  1998 | D:3      | Bought a glowing dagger for 80 gold pieces
  1998 | D:3      | Identified a +2 dagger of venom (You bought it in a shop on
                  | level 3 of the Dungeon)
  2135 | D:3      | Identified a +0 sling
  2241 | D:4      | Found Qefab's Antique Armour Shoppe.
  2508 | D:4      | Identified a +0 club
  2510 | D:4      | Identified a +0 hand axe
  2510 | D:4      | Identified a +0 leather armour
  2513 | D:4      | Identified a +0 dagger
  2513 | D:4      | Identified a +0 robe
  2514 | D:4      | Identified a +2 dagger of speed
  2514 | D:4      | Identified a +0 war axe
  2514 | D:4      | Identified a +0 chain mail
  2533 | D:4      | Reached XP level 6. HP: 32/33 MP: 7/7
  2557 | D:4      | Found a shadowy altar of Dithmenos.
  2607 | D:4      | Identified a +0 dagger
  2666 | D:4      | Identified a +0 flail
  2667 | D:4      | Identified a +0 club
  2667 | D:4      | Identified a +0 falchion
  2667 | D:4      | Identified a +0 ring mail
  2739 | D:4      | Reached skill level 3 in Armour
  2783 | D:4      | Identified a +0 lajatang
  2786 | D:4      | Identified a +0 hand axe
  2787 | D:4      | Identified a +0 short sword
  2789 | D:4      | Identified a +0 dagger
  2789 | D:4      | Identified a +0 leather armour
  2797 | D:4      | Reached skill level 3 in Dodging
  2800 | D:4      | Identified a +0 dagger
  2800 | D:4      | Identified a +0 sling
  2830 | D:4      | Found a snail-covered altar of Cheibriados.
  2834 | D:4      | Found an ornate altar of the Wu Jian Council.
  2837 | D:4      | Found a sacrificial altar of Ru.
  2838 | D:4      | Found a glowing silver altar of Zin.
  2844 | D:4      | Found a shimmering altar of Xom.
  2906 | D:4      | Identified a +0 sling
  3197 | D:4      | Identified a +0 chain mail
  3286 | D:5      | Entered Level 5 of the Dungeon
  3287 | D:5      | Identified a scroll of amnesia
  3288 | D:5      | Identified a scroll of revelation
  3289 | D:5      | Identified a scroll of silence
  3321 | D:5      | Identified 3 scrolls of identify
  3321 | D:5      | Identified a scroll of blinking
  3322 | D:5      | Identified a scroll of enchant armour
  3323 | D:5      | Identified a scroll of fog
  3324 | D:5      | Identified 3 scrolls of teleportation
  3334 | D:5      | Noticed an ice beast
  3335 | D:5      | Identified a scroll of butterflies
  3372 | D:5      | Killed an ice beast
  3373 | D:5      | Reached skill level 4 in Fighting
  3373 | D:5      | Reached XP level 7. HP: 37/37 MP: 8/8
  3373 | D:5      | Identified 2 scrolls of noise
  3374 | D:5      | Identified 2 scrolls of vulnerability
  3375 | D:5      | Identified a potion of enlightenment
  3376 | D:5      | Identified a potion of heal wounds
  3380 | D:5      | Identified a +0 giant club
  3384 | D:5      | Identified a +0 giant spiked club
  3416 | D:5      | Identified a +0 club
  3424 | D:5      | Identified a +0 dagger
  3424 | D:5      | Identified a +0 leather armour
  3433 | D:5      | Identified a +0 whip
  3450 | D:5      | Reached skill level 5 in Short Blades
  3462 | D:5      | Identified a +0 short sword
  3462 | D:5      | Identified a +0 leather armour
  3492 | D:5      | Gained mutation: You have razor-sharp teeth. [Vine Stalker
                  | growth]
  3492 | D:5      | Reached XP level 8. HP: 32/42 MP: 9/9
  3502 | D:5      | Identified a potion of brilliance
  3503 | D:5      | Identified a potion of lignification
  3613 | D:5      | Identified a +2 long sword
  3613 | D:5      | Identified a +0 robe
  3627 | D:5      | Identified a +3 dire flail of freezing
  3627 | D:5      | Identified a +0 robe
  3628 | D:5      | Identified a +0 trident
  3628 | D:5      | Identified a +0 robe
  3628 | D:5      | Identified a +0 scimitar
  3628 | D:5      | Identified a +0 robe
  3644 | D:5      | Reached skill level 4 in Armour
  3644 | D:5      | Reached skill level 4 in Dodging
  3646 | D:5      | Reached skill level 6 in Short Blades
  3836 | D:5      | Reached skill level 5 in Fighting
  3961 | D:5      | Noticed Grinder
  3985 | D:5      | Killed Grinder
  4356 | D:5      | Identified a +0 pair of gloves
  4363 | D:5      | Identified a scroll of torment
  4364 | D:5      | Identified 2 scrolls of poison
  4638 | D:5      | Identified the +3 dagger of Death {pain, rPois rF- rC+
                  | Str+3}
  4668 | D:6      | Identified a +0 robe
  4693 | D:6      | Identified a +0 ring mail
  4760 | D:6      | Found a glowing drain.
  4775 | Sewer    | Entered a sewer
  4826 | Sewer    | Identified a +0 short sword
  4951 | Sewer    | Identified a +0 dagger of holy wrath
  5031 | Sewer    | Identified a +0 club
  5229 | Sewer    | Identified a +0 dagger
  5245 | Sewer    | Identified a +0 club
  5245 | Sewer    | Identified a +0 dagger
  5255 | Sewer    | Reached XP level 9. HP: 47/47 MP: 10/10
  5373 | Sewer    | Identified a +0 dagger
  5383 | Sewer    | Reached skill level 7 in Short Blades
  5467 | D:6      | Identified a scroll of acquirement
  5467 | D:6      | Acquired the +0 helmet "Gaeni" {Harm Dex+3 Slay+5}
  5528 | D:6      | Identified a +0 club
  5528 | D:6      | Identified a +0 ring mail
  5529 | D:6      | Identified a +0 flail
  5529 | D:6      | Identified a +0 short sword
  5530 | D:6      | Identified a +0 dagger
  5530 | D:6      | Identified a +0 robe
  5542 | D:6      | Reached **** piety under Trog
  5613 | D:6      | Identified a +0 falchion
  5613 | D:6      | Identified a +0 leather armour
  5613 | D:6      | Noticed Eustachio
  5626 | D:6      | Killed Eustachio
  5627 | D:6      | Reached skill level 5 in Armour
  5662 | D:6      | Identified a +0 flail
  5674 | D:6      | Identified a +1 flail of venom
  5674 | D:6      | Identified a +0 whip
  5679 | D:6      | Identified a +0 club
  5680 | D:6      | Identified a +0 trident
  5680 | D:6      | Identified a +0 whip
  5680 | D:6      | Identified a +0 robe
  5684 | D:6      | Reached skill level 6 in Fighting
  5734 | D:6      | Identified a +0 spear
  6022 | D:6      | Identified a scroll of immolation
  6023 | D:6      | Identified a potion of haste
  6095 | D:7      | Reached skill level 8 in Short Blades
  6125 | D:7      | Identified a +0 hand axe
  6133 | D:7      | Found a staircase to the Ecumenical Temple.
  6162 | D:7      | Identified a +0 dagger
  6162 | D:7      | Identified a +0 leather armour
  6199 | D:7      | Identified a +0 hand axe
  6224 | D:7      | Identified a +5 ring of evasion
  6261 | D:7      | Identified a +0 short sword
  6261 | D:7      | Identified a +0 chain mail
  6315 | D:7      | Identified a +0 dagger
  6315 | D:7      | Identified a +0 leather armour
  6316 | D:7      | Identified a +0 flail
  6316 | D:7      | Identified a +0 dagger
  6316 | D:7      | Identified a +0 robe
  6877 | D:8      | Found a bloodstained altar of Trog.
  6891 | D:8      | Identified +0 acid dragon scales
  6892 | D:8      | Reached skill level 6 in Armour
  6926 | D:8      | Identified a +0 hand axe
  6926 | D:8      | Identified a +0 dagger
  6926 | D:8      | Identified a +0 robe
  6927 | D:8      | Identified a +0 mace
  6927 | D:8      | Identified a +2 heavy mace
  6927 | D:8      | Identified a +1 chain mail of cold resistance
  6954 | D:8      | Identified a +0 leather armour
  6979 | D:8      | Identified a +0 chain mail
  7006 | D:8      | Identified a +0 hand axe
  7249 | D:8      | Identified a +0 orcbow
  7256 | D:8      | Reached XP level 10. HP: 51/53 MP: 11/11
  7269 | D:8      | Reached skill level 7 in Fighting
  7269 | D:8      | Identified a +0 giant spiked club
  7269 | D:8      | Identified a +0 giant club
  7269 | D:8      | Noticed a two-headed ogre
  7278 | D:8      | Reached skill level 7 in Armour
  7301 | D:8      | Killed a two-headed ogre
  7357 | D:8      | Identified a +0 ring mail
  7382 | D:8      | Identified a +0 hand axe
  7382 | D:8      | Identified a +0 plate armour
  7382 | D:8      | Identified a +0 war axe
  7382 | D:8      | Identified a +0 dagger
  7382 | D:8      | Identified a +0 robe
  7382 | D:8      | Identified a +0 short sword
  7383 | D:8      | Identified a +0 mace
  7420 | D:8      | Identified an amulet of faith
  7611 | D:9      | Identified a +0 glaive
  7611 | D:9      | Identified a +0 chain mail
  7611 | D:9      | Identified a +0 mace
  7611 | D:9      | Identified a +0 war axe
  7611 | D:9      | Identified a +0 leather armour
  7641 | D:9      | Found Govah's Antique Armour Emporium.
  7709 | D:9      | Identified a +0 hat
  7742 | D:9      | Found a radiant altar of Vehumet.
  7768 | D:9      | Reached skill level 8 in Armour
  7808 | D:9      | Identified a +0 glaive
  7808 | D:9      | Identified a +0 chain mail
  7809 | D:9      | Identified a +0 hand axe
  7810 | D:9      | Identified a +0 club
  7810 | D:9      | Identified a +2 leather armour of cold resistance
  7810 | D:9      | Identified a +0 club
  7810 | D:9      | Identified a +0 hand axe
  7811 | D:9      | Identified a scroll of enchant weapon
  7841 | D:9      | Reached skill level 8 in Fighting
  7843 | D:9      | Identified a +0 orcbow
  7848 | D:9      | Identified a +0 shortbow
  7884 | D:9      | Identified a +0 leather armour
  7888 | D:9      | Identified a +0 shortbow
  7888 | D:9      | Identified a +0 robe
  7907 | D:9      | Identified a +0 hand axe
  7907 | D:9      | Identified a +0 plate armour
  7907 | D:9      | Identified a +0 whip
  7908 | D:9      | Identified a +2 dagger of pain
  7908 | D:9      | Identified a +0 robe
  7909 | D:9      | Identified a +0 hand axe
  7909 | D:9      | Identified a +0 chain mail
  7922 | D:9      | Reached ***** piety under Trog
  7953 | D:9      | Identified a +0 leather armour
  7953 | D:9      | Identified a +0 heavy mace
  7980 | D:9      | Identified a +0 short sword
  7981 | D:9      | Identified a +0 battleaxe
  7981 | D:9      | Identified a +0 chain mail
  7981 | D:9      | Identified a +0 club
  7981 | D:9      | Identified a +0 short sword
  7982 | D:9      | Identified a +0 flail of holy wrath
  7982 | D:9      | Identified a +0 mace
  7982 | D:9      | Identified a +0 club
  7982 | D:9      | Identified a +0 dagger
  7982 | D:9      | Identified a +2 robe of willpower
  7982 | D:9      | Identified a +0 dagger
  7982 | D:9      | Identified a +0 robe
  7983 | D:9      | Identified a +0 dagger
  7983 | D:9      | Identified a +0 robe
  7992 | D:9      | Identified a +0 flail
  7998 | D:9      | Identified a +0 mace
  7998 | D:9      | Identified a +0 ring mail
  7998 | D:9      | Identified a +0 dagger
  7998 | D:9      | Identified a +0 short sword
  7998 | D:9      | Identified a +0 dagger
  7998 | D:9      | Identified a +0 scale mail
  8003 | D:9      | Reached XP level 11. HP: 60/60 MP: 12/12
  8004 | D:9      | Identified a +0 short sword
  8009 | D:9      | Reached skill level 9 in Armour
  8123 | D:9      | Found a white marble altar of Elyvilon.
  8300 | D:10     | Entered Level 10 of the Dungeon
  8324 | D:10     | Found a flagged portal.
  8325 | D:10     | Identified a +1 long sword
  8325 | D:10     | Identified a +0 robe
  8325 | D:10     | Identified a +0 falchion
  8325 | D:10     | Identified a +0 robe
  8325 | D:10     | Identified a +0 great sword
  8325 | D:10     | Identified a +0 robe
  8325 | D:10     | Identified a +2 great sword
  8325 | D:10     | Identified a +0 robe
  8352 | D:10     | Reached skill level 1 in Evocations
  8359 | D:10     | Identified a +0 spear
  8362 | Bailey   | Entered a bailey
  8362 | Bailey   | Identified a +0 trident
  8362 | Bailey   | Identified a +0 ring mail
  8363 | Bailey   | Identified a +0 halberd
  8363 | Bailey   | Identified a +0 scale mail
  8364 | Bailey   | Identified a +0 halberd
  8364 | Bailey   | Identified a +0 chain mail
  8373 | Bailey   | Identified a +0 spear
  8373 | Bailey   | Identified a +0 scale mail
  8373 | Bailey   | Identified a +0 trident
  8373 | Bailey   | Identified a +0 chain mail
  8383 | Bailey   | Identified a +0 halberd
  8383 | Bailey   | Identified a +0 scale mail
  8388 | Bailey   | Identified a +0 spear
  8388 | Bailey   | Identified a +0 chain mail
  8389 | Bailey   | Identified a +0 spear
  8389 | Bailey   | Identified a +0 chain mail
  8406 | Bailey   | Identified a +0 trident
  8406 | Bailey   | Identified a +0 scale mail
  8409 | Bailey   | Identified a +0 trident
  8409 | Bailey   | Identified a +0 chain mail
  8412 | Bailey   | Identified a +0 trident
  8412 | Bailey   | Identified a +0 ring mail
  8413 | Bailey   | Identified a +0 trident
  8413 | Bailey   | Identified a +0 ring mail
  8418 | Bailey   | Identified a +0 trident
  8418 | Bailey   | Identified a +0 chain mail
  8420 | Bailey   | Identified a +0 glaive
  8420 | Bailey   | Identified a +0 chain mail
  8425 | Bailey   | Identified a +0 trident
  8425 | Bailey   | Identified a +0 plate armour
  8425 | Bailey   | Noticed an orc knight
  8458 | Bailey   | Identified a +0 spear
  8458 | Bailey   | Identified a +0 chain mail
  8470 | Bailey   | Identified a +3 spear
  8470 | Bailey   | Identified a +0 chain mail
  8472 | Bailey   | Identified a +0 glaive
  8472 | Bailey   | Identified a +0 scale mail
  8473 | Bailey   | Identified a +4 spear
  8473 | Bailey   | Identified a +0 chain mail
  8475 | Bailey   | Identified a +0 halberd
  8475 | Bailey   | Identified a +0 ring mail
  8541 | Bailey   | Identified a +0 bardiche
  8541 | Bailey   | Identified a +0 ring mail
  8541 | Bailey   | Identified a +0 spear
  8541 | Bailey   | Identified a +0 scale mail
  8541 | Bailey   | Identified a +0 glaive
  8541 | Bailey   | Identified a +0 chain mail
  8541 | Bailey   | Identified a +0 glaive
  8541 | Bailey   | Identified a +0 ring mail
  8592 | Bailey   | Killed an orc knight
  8593 | Bailey   | Reached skill level 2 in Evocations
  8642 | Bailey   | Identified a +0 glaive
  8642 | Bailey   | Identified a +0 ring mail
  8680 | Bailey   | Identified +2 gold dragon scales
  8694 | Bailey   | Identified a +2 sling of freezing
  8695 | Bailey   | Identified a +0 helmet of intelligence
  8853 | D:10     | Reached skill level 9 in Fighting
  8896 | D:10     | Identified a +0 buckler of reflection
  8975 | D:10     | Identified a +0 club
  8975 | D:10     | Identified a +2 mace of protection
  8975 | D:10     | Identified a +0 leather armour
  8975 | D:10     | Identified a +0 mace
  8975 | D:10     | Identified a +0 short sword
  8976 | D:10     | Identified a +0 hand axe
  9091 | D:10     | Identified a +0 pair of boots
  9223 | D:10     | Found a runed translucent door.
  9225 | D:10     | Identified a +0 trident
  9225 | D:10     | Noticed a skeletal warrior
  9225 | D:10     | Noticed D0namaru's ghost (novice DsNe)
  9471 | D:10     | Identified a +0 giant club
  9471 | D:10     | Identified a +0 giant club
  9478 | D:10     | Killed a skeletal warrior
  9479 | D:10     | Reached skill level 10 in Armour
  9481 | D:10     | Killed D0namaru's ghost
  9482 | D:10     | Reached skill level 3 in Evocations
  9488 | D:10     | Identified the +3 rapier of the Sharing Shark {elec, rElec
                  | rF+}
  9531 | D:11     | Identified a potion of invisibility
  9532 | D:11     | Identified a potion of might
  9585 | D:11     | Identified a +0 whip
  9586 | D:11     | Identified a +0 shortbow
  9586 | D:11     | Identified a +0 orcbow
  9586 | D:11     | Identified a +0 shortbow
  9587 | D:11     | Identified a +0 orcbow
  9590 | D:11     | Identified a +0 whip
  9590 | D:11     | Identified a +0 chain mail
  9593 | D:11     | Identified a +0 war axe
  9593 | D:11     | Identified a +0 plate armour
  9594 | D:11     | Noticed a manticore
  9607 | D:11     | Killed a manticore
  9608 | D:11     | Reached skill level 1 in Spellcasting
  9668 | D:11     | Identified a +0 troll leather armour
  9701 | D:11     | Found a staircase to the Orcish Mines.
  9758 | D:11     | Noticed a cyclops
  9763 | D:11     | Killed a cyclops
  9784 | D:11     | Reached skill level 2 in Spellcasting
  9806 | D:11     | Found a staircase to the Lair.
  9810 | D:11     | Reached XP level 12. HP: 67/67 MP: 16/16
  9849 | D:11     | Reached skill level 9 in Short Blades
 10000 | Orc:1    | Entered Level 1 of the Orcish Mines
 10000 | Orc:1    | Identified a +0 dagger of draining
 10000 | Orc:1    | Identified a +2 robe of willpower
 10000 | Orc:1    | Identified a +0 battleaxe
 10000 | Orc:1    | Identified a +0 plate armour
 10000 | Orc:1    | Identified a +0 short sword
 10000 | Orc:1    | Identified a +0 club
 10002 | Orc:1    | Identified a +0 dagger
 10002 | Orc:1    | Identified a +0 robe
 10013 | Orc:1    | Identified a +0 halberd
 10013 | Orc:1    | Identified a +0 arbalest
 10013 | Orc:1    | Identified a +0 chain mail
 10019 | Orc:1    | Identified a +0 short sword
 10020 | Orc:1    | Identified a +0 hand axe
 10020 | Orc:1    | Identified a +0 plate armour
 10020 | Orc:1    | Identified a +0 whip
 10020 | Orc:1    | Identified a +0 scale mail
 10020 | Orc:1    | Identified a +0 morningstar
 10020 | Orc:1    | Identified a +0 chain mail
 10020 | Orc:1    | Identified a +0 club
 10038 | Orc:1    | Identified a +2 dagger of freezing
 10038 | Orc:1    | Identified a +0 leather armour
 10041 | Orc:1    | Identified a +0 dagger
 10041 | Orc:1    | Identified a +0 dagger
 10041 | Orc:1    | Identified a +0 scale mail
 10041 | Orc:1    | Identified a +0 hand axe
 10043 | Orc:1    | Identified a +0 long sword
 10043 | Orc:1    | Identified a +0 chain mail
 10047 | Orc:1    | Identified a +0 war axe
 10047 | Orc:1    | Identified a +0 dagger
 10047 | Orc:1    | Identified a +0 ring mail
 10416 | Orc:1    | Identified a +4 heavy shortbow
 10418 | Orc:1    | Identified a +0 arbalest
 10418 | Orc:1    | Identified a +2 robe of cold resistance
 10418 | Orc:1    | Noticed Fannar
 10440 | Orc:1    | Killed Fannar
 10470 | Orc:1    | Identified a +1 shortbow of freezing
 10486 | Orc:1    | Reached skill level 10 in Fighting
 10607 | Orc:1    | Identified a +3 demon trident of electrocution
 10607 | Orc:1    | Identified a +0 scale mail
 10607 | Orc:1    | Noticed Urug
 10620 | Orc:1    | Killed Urug
 10829 | Orc:1    | Identified a +0 giant club
 10836 | Orc:1    | Reached skill level 10 in Short Blades
 10850 | Orc:2    | Entered Level 2 of the Orcish Mines
 10850 | Orc:2    | Identified a +0 dagger
 10850 | Orc:2    | Identified a +0 robe
 10850 | Orc:2    | Identified a +0 dagger
 10850 | Orc:2    | Identified a +0 robe
 10850 | Orc:2    | Identified a +0 dagger
 10850 | Orc:2    | Identified a +0 robe
 10850 | Orc:2    | Identified a +0 mace
 10850 | Orc:2    | Found Werots's Whimsical Warehouse.
 10851 | Orc:2    | Identified a +1 dire flail of protection
 10851 | Orc:2    | Identified a +0 arbalest
 10851 | Orc:2    | Identified a +0 chain mail
 10851 | Orc:2    | Identified a +0 dagger
 10851 | Orc:2    | Identified a +0 robe
 10851 | Orc:2    | Identified a +0 hand axe
 10851 | Orc:2    | Identified a +0 dagger
 10851 | Orc:2    | Identified a +0 ring mail
 10856 | Orc:2    | Identified a +0 club
 10926 | Orc:2    | Found a staircase to the Elven Halls.
 10970 | Orc:2    | Identified a +0 scimitar
 10970 | Orc:2    | Identified a +0 chain mail
 10970 | Orc:2    | Identified a +0 mace
 10970 | Orc:2    | Identified a +0 plate armour
 10971 | Orc:2    | Identified a +0 battleaxe
 10971 | Orc:2    | Identified a +0 plate armour
 10996 | Orc:2    | Found a roughly hewn altar of Beogh.
 10996 | Orc:2    | Identified a +1 whip of electrocution
 10996 | Orc:2    | Identified a +0 leather armour
 10996 | Orc:2    | Identified a +0 mace
 10997 | Orc:2    | Identified a +0 trident
 10997 | Orc:2    | Identified a +0 short sword
 10998 | Orc:2    | Identified a +0 dagger
 10998 | Orc:2    | Identified a +0 robe
 11001 | Orc:2    | Identified a +0 trident
 11001 | Orc:2    | Identified a +0 plate armour of fire resistance
 11005 | Orc:2    | Found Oxecacoo's General Store.
 11038 | Orc:2    | Identified a +0 club
 11038 | Orc:2    | Identified a +0 flail
 11039 | Orc:2    | Identified a +0 trident
 11039 | Orc:2    | Identified a +0 chain mail
 11039 | Orc:2    | Identified a +0 dagger
 11039 | Orc:2    | Identified a +0 robe
 11039 | Orc:2    | Identified a +0 short sword
 11071 | Orc:2    | Identified a +0 dagger
 11071 | Orc:2    | Identified a +0 robe
 11071 | Orc:2    | Identified a +0 dagger
 11071 | Orc:2    | Identified a +0 robe
 11071 | Orc:2    | Identified a +0 short sword
 11071 | Orc:2    | Identified a +0 plate armour
 11119 | Orc:2    | Found Olame's Firing Range.
 11126 | Orc:2    | Identified a +0 dagger
 11126 | Orc:2    | Identified a +0 dagger
 11126 | Orc:2    | Identified a +0 hand axe
 11142 | Orc:2    | Identified a +0 dagger
 11142 | Orc:2    | Identified a +0 robe
 11143 | Orc:2    | Identified a +2 dagger of draining
 11150 | Orc:2    | Identified a +0 whip
 11157 | Orc:2    | Identified a +0 mace
 11157 | Orc:2    | Identified a +0 scale mail
 11157 | Orc:2    | Identified a +0 dagger of pain
 11157 | Orc:2    | Identified a +0 robe
 11162 | Orc:2    | Identified a +0 short sword
 11162 | Orc:2    | Identified a +0 leather armour
 11166 | Orc:2    | Identified a +0 mace
 11166 | Orc:2    | Identified a +0 chain mail
 11190 | Orc:2    | Identified a +0 dire flail
 11190 | Orc:2    | Identified a +0 giant spiked club
 11190 | Orc:2    | Noticed a two-headed ogre
 11190 | Orc:2    | Identified a +0 vampiric dagger
 11190 | Orc:2    | Identified a +0 leather armour
 11212 | Orc:2    | Killed a two-headed ogre
 11213 | Orc:2    | Reached skill level 11 in Armour
 11236 | Orc:2    | Identified a +0 arbalest
 11236 | Orc:2    | Identified a +0 dagger
 11238 | Orc:2    | Identified a +2 arbalest of draining
 11239 | Orc:2    | Identified a +0 mace
 11239 | Orc:2    | Identified a +0 short sword
 11239 | Orc:2    | Identified a +0 plate armour
 11242 | Orc:2    | Identified a +0 flail
 11242 | Orc:2    | Identified a +0 leather armour
 11246 | Orc:2    | Identified a +0 war axe
 11360 | Orc:2    | Identified a +0 troll leather armour
 11361 | Orc:2    | Identified a +0 dagger
 11361 | Orc:2    | Identified a +0 robe
 11383 | Orc:2    | Identified a +0 hand axe
 11385 | Orc:2    | Identified a +0 club
 11385 | Orc:2    | Identified a +0 leather armour
 11386 | Orc:2    | Identified a +0 flail
 11386 | Orc:2    | Identified a +0 plate armour
 11387 | Orc:2    | Identified a +7 antimagic rapier (Trog gifted it to you on
                  | level 2 of the Orcish Mines)
 11387 | Orc:2    | Received a gift from Trog
 11392 | Orc:2    | Identified a +0 troll leather armour
 11402 | Orc:2    | Identified a +0 club
 11402 | Orc:2    | Identified a +0 club
 11403 | Orc:2    | Identified a +0 flail
 11403 | Orc:2    | Identified a +0 plate armour
 11412 | Orc:2    | Identified a +0 short sword
 11412 | Orc:2    | Identified a +0 chain mail
 11414 | Orc:2    | Identified a +0 trident
 11426 | Orc:2    | Identified a +0 flail
 11445 | Orc:2    | Reached skill level 11 in Short Blades
 11448 | Orc:2    | Identified a +0 dagger
 11450 | Orc:2    | Identified a +0 dagger
 11450 | Orc:2    | Identified a +0 ring mail
 11471 | Orc:2    | Identified a +0 club
 11471 | Orc:2    | Identified a +0 scale mail
 11474 | Orc:2    | Identified a +0 club
 11474 | Orc:2    | Identified a +0 ring mail
 11527 | Orc:2    | Identified a +0 mace
 11527 | Orc:2    | Identified a +0 leather armour
 11528 | Orc:2    | Identified a +0 dire flail
 11528 | Orc:2    | Identified a +0 plate armour
 11528 | Orc:2    | Identified a +0 hand axe
 11530 | Orc:2    | Identified a +0 short sword
 11531 | Orc:2    | Identified a +0 trident
 11531 | Orc:2    | Identified a +0 chain mail
 11554 | Orc:2    | Identified a +0 dagger
 11554 | Orc:2    | Identified a +0 robe
 11603 | Orc:2    | Identified a +0 mace
 11604 | Orc:2    | Identified a +0 short sword
 11605 | Orc:2    | Identified a +0 club
 11605 | Orc:2    | Identified a +0 ring mail
 11609 | Orc:2    | Found a roughly hewn altar of Beogh.
 11609 | Orc:2    | Identified a +0 mace
 11618 | Orc:2    | Identified a +0 hand axe
 11618 | Orc:2    | Identified a +0 chain mail
 11618 | Orc:2    | Identified a +0 hand axe
 11618 | Orc:2    | Identified a +0 chain mail
 11618 | Orc:2    | Identified a +0 great sword
 11618 | Orc:2    | Identified a +0 chain mail
 11620 | Orc:2    | Found Reskor's General Store.
 11683 | Orc:2    | Identified a +0 mace
 11683 | Orc:2    | Identified a +0 chain mail
 11683 | Orc:2    | Identified a +0 whip
 11683 | Orc:2    | Identified a +0 ring mail
 11684 | Orc:2    | Identified a +0 dagger
 11684 | Orc:2    | Identified a +0 robe
 11697 | Orc:2    | Identified a +0 troll leather armour
 11746 | Orc:2    | Identified a +0 club
 11746 | Orc:2    | Identified a +0 ring mail
 11746 | Orc:2    | Identified a +0 dagger
 11746 | Orc:2    | Identified a +0 robe
 11747 | Orc:2    | Identified a +0 dagger
 11747 | Orc:2    | Identified a +0 robe
 11747 | Orc:2    | Identified a +0 flail
 11747 | Orc:2    | Identified a +0 plate armour
 11757 | Orc:2    | Reached XP level 13. HP: 72/72 MP: 17/17
 11780 | Orc:2    | Found a roughly hewn altar of Beogh.
 11780 | Orc:2    | Identified a +0 giant club
 11780 | Orc:2    | Identified a +0 giant spiked club
 11780 | Orc:2    | Identified a +0 arbalest
 11780 | Orc:2    | Identified a +0 arbalest
 11819 | Orc:2    | Identified a +0 hand axe
 11819 | Orc:2    | Identified a +0 plate armour
 11819 | Orc:2    | Identified a +0 mace
 11819 | Orc:2    | Identified a +0 flail
 11819 | Orc:2    | Identified a +0 hand axe
 11819 | Orc:2    | Identified a +0 plate armour
 11898 | Orc:2    | Identified a +0 flail
 11898 | Orc:2    | Identified a +0 chain mail
 11899 | Orc:2    | Identified a +0 flail
 11899 | Orc:2    | Identified a +0 leather armour
 11908 | Orc:2    | Identified a +2 dagger of draining
 11922 | Orc:2    | Identified a +0 glaive
 11922 | Orc:2    | Identified a +0 chain mail
 11923 | Orc:2    | Identified a +0 flail
 11923 | Orc:2    | Identified a +0 leather armour
 11936 | Orc:2    | Found a roughly hewn altar of Beogh.
 11978 | Orc:2    | Identified a +0 dagger
 11978 | Orc:2    | Identified a +0 robe
 11980 | Orc:2    | Identified a +0 giant club
 11982 | Orc:2    | Identified a +0 dagger
 11982 | Orc:2    | Identified a +0 robe
 11982 | Orc:2    | Identified a +0 flail
 11982 | Orc:2    | Identified a +0 chain mail
 11984 | Orc:2    | Identified a +0 mace
 11984 | Orc:2    | Identified a +0 scale mail
 11984 | Orc:2    | Identified a +0 war axe of freezing
 11984 | Orc:2    | Identified a +0 arbalest
 11984 | Orc:2    | Identified a +0 chain mail
 11984 | Orc:2    | Noticed an orc warlord
 11984 | Orc:2    | Identified a +0 broad axe
 11984 | Orc:2    | Identified a +1 plate armour of fire resistance
 11985 | Orc:2    | Identified a +0 war axe
 11985 | Orc:2    | Identified a +0 plate armour
 12011 | Orc:2    | Identified a +0 dagger
 12011 | Orc:2    | Identified a +0 robe
 12015 | Orc:2    | Identified a +0 falchion
 12015 | Orc:2    | Identified a +0 ring mail
 12022 | Orc:2    | Killed an orc warlord
 12053 | Orc:2    | Identified a +0 flail
 12055 | Orc:2    | Identified a +0 club
 12055 | Orc:2    | Identified a +0 short sword
 12055 | Orc:2    | Identified a +0 war axe
 12055 | Orc:2    | Identified a +0 plate armour
 12077 | Orc:2    | Found a roughly hewn altar of Beogh.
 12077 | Orc:2    | Found Saighe Lela's Antique Weapon Shoppe.
 12078 | Orc:2    | Found Hoidumoa's Antique Armour Emporium.
 12097 | Orc:2    | Bought a runed scarf for 192 gold pieces
 12097 | Orc:2    | Identified a scarf of repulsion (You bought it in a shop on
                  | level 2 of the Orcish Mines)
 12108 | Orc:2    | Bought an ancient short sword for 248 gold pieces
 12108 | Orc:2    | Identified the +0 short sword of Bile {distort, rN+} (You
                  | bought it in a shop on level 2 of the Orcish Mines)
 12128 | Orc:2    | Reached skill level 12 in Short Blades
 12173 | Orc:2    | Bought a scroll of blinking for 75 gold pieces
 12213 | Orc:2    | Bought a ring of willpower for 300 gold pieces
 12249 | Orc:2    | Identified a +0 hand axe
 12249 | Orc:2    | Identified a +0 arbalest
 12249 | Orc:2    | Identified a +0 plate armour
 12305 | Elf:1    | Entered Level 1 of the Elven Halls
 12305 | Elf:1    | Identified a +0 rapier
 12305 | Elf:1    | Identified a +0 leather armour
 12305 | Elf:1    | Identified a +0 long sword
 12305 | Elf:1    | Identified a +0 dagger
 12305 | Elf:1    | Identified a +0 ring mail
 12307 | Elf:1    | Identified a +3 rapier
 12309 | Elf:1    | Identified a +0 rapier
 12309 | Elf:1    | Identified a +0 leather armour
 12315 | Elf:1    | Identified a +0 long sword
 12315 | Elf:1    | Identified a +0 leather armour
 12375 | Elf:1    | Identified a +3 heavy hand axe (Trog gifted it to you on
                  | level 1 of the Elven Halls)
 12375 | Elf:1    | Received a gift from Trog
 12467 | Elf:1    | Identified a +0 spear of venom
 12472 | Elf:1    | Identified a +0 dagger
 12472 | Elf:1    | Identified a +2 robe
 12505 | Elf:1    | Identified a +0 long sword
 12513 | Elf:1    | Identified a +1 war axe of holy wrath
 12546 | Elf:1    | Identified a +0 long sword
 12546 | Elf:1    | Identified a +0 shortbow
 12546 | Elf:1    | Identified a +0 leather armour
 12560 | Elf:1    | Reached skill level 12 in Armour
 12589 | Elf:1    | Identified a +0 long sword
 12589 | Elf:1    | Noticed a deep elf death mage
 12599 | Elf:1    | Killed a deep elf death mage
 12609 | Elf:1    | Killed a ghostly deep elf death mage
 12624 | Elf:1    | Identified a +0 long sword
 12624 | Elf:1    | Identified a +0 long sword
 12624 | Elf:1    | Noticed a deep elf sorcerer
 12624 | Elf:1    | Identified a +0 long sword
 12624 | Elf:1    | Identified a +0 leather armour
 12624 | Elf:1    | Noticed a deep elf annihilator
 12624 | Elf:1    | Identified a +0 short sword
 12624 | Elf:1    | Identified a +0 short sword
 12624 | Elf:1    | Identified a +0 shortbow
 12624 | Elf:1    | Identified a +0 leather armour
 12637 | Elf:1    | Reached skill level 13 in Short Blades
 12640 | Elf:1    | Killed a deep elf sorcerer
 12657 | Elf:1    | Killed a deep elf annihilator
 12701 | Elf:1    | Identified a +0 short sword
 12717 | Elf:1    | Identified a +0 short sword
 12718 | Elf:1    | Identified a +3 mace of protection
 12768 | Elf:1    | Identified a +0 rapier
 12826 | Elf:1    | Identified a +2 long sword of electrocution
 12848 | Elf:1    | Identified a +0 falchion
 12853 | Elf:1    | Identified the +1 spear of Destiny {speed, rC++}
 12857 | Elf:1    | Identified a +3 battleaxe of electrocution
 12858 | Elf:1    | Identified a +0 short sword
 12858 | Elf:1    | Identified a +0 longbow
 12858 | Elf:1    | Identified a +0 leather armour
 12862 | Elf:1    | Identified a +1 halberd of protection
 12864 | Elf:1    | Identified a +0 short sword
 12865 | Elf:1    | Reached skill level 14 in Short Blades
 12865 | Elf:1    | Identified a +0 dagger
 12865 | Elf:1    | Identified a +0 shortbow
 12865 | Elf:1    | Identified a +0 leather armour
 12866 | Elf:1    | Identified a +2 scimitar of holy wrath
 12868 | Elf:1    | Identified a +0 scimitar
 12868 | Elf:1    | Identified a +0 leather armour
 12868 | Elf:1    | Identified a +0 buckler
 12875 | Elf:1    | Reached skill level 1 in Shields
 12875 | Elf:1    | Reached XP level 14. HP: 38/77 MP: 14/18
 12877 | Elf:1    | Identified a +0 scimitar
 12877 | Elf:1    | Identified a +0 shortbow
 12877 | Elf:1    | Identified a +0 leather armour
 12963 | Elf:1    | Identified a +0 short sword
 12963 | Elf:1    | Identified a +0 shortbow
 12963 | Elf:1    | Identified a +0 leather armour
 12963 | Elf:1    | Identified a +0 long sword
 12963 | Elf:1    | Identified a +0 leather armour
 12963 | Elf:1    | Identified a +0 long sword
 12963 | Elf:1    | Identified a +0 leather armour
 12963 | Elf:1    | Identified a +0 rapier
 12963 | Elf:1    | Identified a +0 rapier
 12963 | Elf:1    | Identified a +2 dagger of venom
 12963 | Elf:1    | Identified a +0 leather armour
 12963 | Elf:1    | Identified a +0 dagger
 12963 | Elf:1    | Identified a +0 scale mail
 12970 | Elf:1    | Identified a +0 short sword
 12971 | Elf:1    | Identified a +0 short sword of freezing
 12971 | Elf:1    | Identified a +0 longbow
 12971 | Elf:1    | Identified a +0 leather armour
 12972 | Elf:1    | Identified a +0 rapier
 12972 | Elf:1    | Identified a +0 leather armour
 12975 | Elf:1    | Reached skill level 2 in Shields
 12998 | Elf:1    | Reached skill level 3 in Shields
 13075 | Elf:1    | Identified a +0 flail of protection
 13146 | Elf:1    | Identified a +3 heavy mace
 13156 | Elf:1    | Reached skill level 4 in Shields
 13330 | Elf:1    | Identified a +0 quarterstaff of flaming (Trog gifted it to
                  | you on level 1 of the Elven Halls)
 13330 | Elf:1    | Received a gift from Trog
 13359 | Elf:1    | Identified a +0 long sword
 13359 | Elf:1    | Identified a +0 buckler
 13361 | Elf:1    | Identified a +2 hand axe of electrocution
 13421 | Elf:1    | Identified a +0 dagger
 13421 | Elf:1    | Identified a +0 shortbow
 13421 | Elf:1    | Identified a +0 leather armour
 13421 | Elf:1    | Identified a +0 scimitar
 13421 | Elf:1    | Identified a +0 chain mail
 13421 | Elf:1    | Identified a +0 short sword
 13421 | Elf:1    | Identified a +0 shortbow
 13421 | Elf:1    | Identified a +0 chain mail
 13421 | Elf:1    | Identified a +0 short sword
 13421 | Elf:1    | Identified a +0 dagger of venom
 13421 | Elf:1    | Identified a +0 shortbow
 13421 | Elf:1    | Identified a +0 leather armour
 13422 | Elf:1    | Identified a +0 giant club
 13441 | Elf:1    | Reached skill level 5 in Shields
 13502 | Elf:1    | Identified the +0 scale mail of the Blue Skies {*Corrode
                  | Fly rF++ Int+3}
 13757 | Elf:1    | Identified a +0 shortbow
 13757 | Elf:1    | Identified a +0 leather armour
 13761 | Elf:1    | Identified a +0 rapier
 13761 | Elf:1    | Identified a +0 leather armour
 13761 | Elf:1    | Noticed a deep elf demonologist
 13762 | Elf:1    | Identified a +0 short sword
 13765 | Elf:1    | Identified a +0 long sword
 13765 | Elf:1    | Identified a +0 trident
 13768 | Elf:1    | HP: 18/77 [smoke demon/divine providence[a deep elf
                  | demonologist] (13)]
 13859 | Elf:1    | Identified a +0 dagger
 13859 | Elf:1    | Identified a +0 leather armour
 13870 | Elf:1    | Identified a +0 rapier
 13870 | Elf:1    | Identified a +0 leather armour
 13882 | Elf:1    | Killed a deep elf demonologist
 13893 | Elf:1    | Reached skill level 6 in Shields
 13914 | Elf:1    | Reached skill level 11 in Fighting
 13950 | Elf:1    | Acquired 661 gold pieces
 14090 | Elf:2    | Identified a +0 dagger of venom
 14090 | Elf:2    | Identified a +2 battleaxe of electrocution
 14247 | D:12     | Identified a +0 dagger
 14247 | D:12     | Identified a +0 robe
 14492 | D:12     | Reached skill level 7 in Shields
 14493 | D:12     | Identified a +1 short sword of freezing
 14579 | D:12     | Identified a ring of resist corrosion
 14770 | D:12     | Identified a +0 shortbow
 14785 | D:12     | Found an ancient bone altar of Kikubaaqudgha.
 14852 | D:13     | Noticed Kirke
 14869 | D:13     | Reached XP level 15. HP: 83/83 MP: 19/19
 14877 | D:13     | Identified a +0 troll leather armour
 14888 | D:13     | Killed Kirke
 14889 | D:13     | Reached skill level 13 in Armour
 14945 | D:13     | Identified a +0 plate armour
 14948 | D:13     | Identified a +0 giant club
 14948 | D:13     | Identified a +0 giant club
 15050 | D:13     | Identified a +0 giant club
 15050 | D:13     | Identified a +0 giant spiked club
 15051 | D:13     | Found a gate to the Vaults.
 15051 | D:13     | Identified a +0 giant spiked club
 15051 | D:13     | Identified a +0 giant spiked club
 15053 | D:13     | Identified a +2 whip of draining
 15053 | D:13     | Identified a +0 robe
 15130 | D:13     | Identified a +0 heavy mace
 15133 | D:13     | Identified a +0 falchion
 15195 | D:13     | Identified a +0 war axe
 15195 | D:13     | Identified a +0 leather armour
 15195 | D:13     | Identified a +2 kite shield of protection
 15461 | D:13     | Identified a potion of resistance
 15462 | D:13     | Identified a potion of cancellation
 15463 | D:13     | Identified a potion of ambrosia
 15481 | D:13     | Identified 6 potions of curing
 15482 | D:13     | Identified 2 potions of berserk rage
 15527 | D:13     | Identified 2 potions of mutation
 15527 | D:13     | Gained mutation: You have hidden genetic potential. [potion
                  | of mutation]
 15527 | D:13     | Gained mutation: You occasionally lose the ability to read
                  | scrolls when taking damage. [potion of mutation]
 15527 | D:13     | Gained mutation: You are robust. (+10% HP) [potion of
                  | mutation]
 15527 | D:13     | Gained mutation: Your system is resistant to poisons.
                  | (rPois) [potion of mutation]
 15572 | D:13     | Identified 5 potions of attraction
 15573 | D:13     | Identified 4 potions of degeneration
 15605 | D:14     | Identified a +0 great sword
 15605 | D:14     | Identified a +0 chain mail
 15617 | D:14     | Reached skill level 12 in Fighting
 15629 | D:14     | Identified a +0 trident
 15630 | D:14     | Identified a +0 glaive
 15692 | D:14     | Identified a +0 long sword
 15692 | D:14     | Identified a +0 chain mail
 15744 | D:14     | Identified a +0 dagger
 15816 | D:14     | Identified a +0 long sword
 15962 | D:14     | Identified a +5 long sword
 16135 | D:14     | Identified a +1 longbow of flaming
 16135 | D:14     | Identified a +0 barding
 16135 | D:14     | Noticed Nessos
 16153 | D:14     | Killed Nessos
 16185 | D:14     | Identified a +0 ring mail
 16218 | D:14     | Identified a +0 whip
 16256 | D:15     | Entered Level 15 of the Dungeon
 16256 | D:15     | Identified a +0 dagger
 16256 | D:15     | Identified a +0 robe
 16280 | D:15     | Identified a +0 scimitar
 16280 | D:15     | Identified a +0 chain mail
 16283 | D:15     | Identified a +0 long sword
 16283 | D:15     | Identified a +0 chain mail
 16283 | D:15     | Identified a +0 hand axe
 16283 | D:15     | Identified a +0 chain mail
 16283 | D:15     | Identified a +0 mace
 16283 | D:15     | Identified a +0 club
 16285 | D:15     | Identified a +2 scimitar of protection
 16285 | D:15     | Identified a +0 chain mail
 16292 | D:15     | Identified a +0 battleaxe
 16292 | D:15     | Identified a +0 plate armour
 16304 | D:15     | Identified a +0 dagger
 16315 | D:15     | Reached ****** piety under Trog
 16324 | D:15     | Identified a +0 troll leather armour
 16367 | D:15     | Identified a +0 whip
 16367 | D:15     | Identified a +0 robe
 16385 | D:15     | Identified a +0 shortbow
 16390 | D:15     | Identified a +0 shortbow
 16390 | D:15     | Identified a +0 shortbow
 16394 | D:15     | Identified a +1 orcbow of freezing
 16443 | D:15     | Identified a +0 buckler
 16450 | D:15     | Identified a +3 antimagic quarterstaff (Trog gifted it to
                  | you on level 15 of the Dungeon)
 16450 | D:15     | Received a gift from Trog
 16451 | D:15     | Reached skill level 14 in Armour
 16453 | D:15     | Identified a +2 battleaxe of flaming
 16453 | D:15     | Identified a +0 plate armour
 16457 | D:15     | Identified a +2 vampiric great sword
 16457 | D:15     | Identified a +0 leather armour
 16586 | D:15     | Identified a +0 orcbow
 16591 | D:15     | Reached skill level 13 in Fighting
 16649 | D:15     | Identified a +0 war axe
 16649 | D:15     | Identified a +0 leather armour
 16649 | D:15     | Identified a +0 war axe
 16649 | D:15     | Identified a +0 robe
 16650 | D:15     | Identified a +0 hand axe
 16650 | D:15     | Identified a +0 leather armour
 16742 | D:15     | Found a staircase to the Depths.
 16754 | D:15     | Identified an amulet of the acrobat
 16831 | Lair:1   | Entered Level 1 of the Lair of Beasts
 16863 | Lair:1   | Identified a +1 demon whip of venom
 16863 | Lair:1   | Noticed Amaemon
 16870 | Lair:1   | Killed Amaemon
 17158 | Lair:1   | Identified a +0 plate armour
 17266 | Lair:1   | Identified a scroll of brand weapon
 17266 | Lair:1   | Identified a scroll of fear
 17305 | Lair:1   | Reached XP level 16. HP: 91/100 MP: 17/20
 17379 | Lair:1   | Identified a +2 leather armour of willpower
 17505 | Lair:1   | Identified a +0 leather armour
 17689 | Lair:2   | Identified a +0 falchion
 17716 | Lair:2   | Identified a +5 quick blade (Trog gifted it to you on level
                  | 2 of the Lair of Beasts)
 17716 | Lair:2   | Received a gift from Trog
 17919 | Lair:2   | Identified a +0 spear
 17931 | Lair:2   | Found a staircase to the Shoals.
 17983 | Lair:2   | Identified the +0 chain mail "Zuilom" {rF+ rN+ Str+3
                  | Stlth+}
 18037 | Lair:2   | Found a transporter.
 18040 | Lair:2   | Found a transporter.
 18041 | Lair:2   | Noticed croobank's ghost (journeyman OpSu)
 18043 | Lair:2   | Identified a +0 hand axe
 18043 | Lair:2   | Identified a +0 leather armour
 18470 | Lair:2   | Killed croobank's ghost
 18505 | Lair:2   | Identified a +1 pair of gloves
 18507 | Lair:2   | Identified a +0 scale mail
 18652 | Lair:3   | Reached skill level 4 in Evocations
 18677 | Lair:3   | Gained mutation: You expend magic power (3 MP) to
                  | strengthen your wands. [hidden potential]
 18840 | Lair:3   | Identified a +0 club
 18892 | Lair:3   | Reached skill level 5 in Dodging
 18926 | Lair:3   | Found an ornate altar of the Wu Jian Council.
 18929 | Lair:3   | Found a hide-covered altar of Uskayaw.
 19046 | Lair:3   | Found a hole to the Spider Nest.
 19342 | Lair:3   | Identified a +0 cloak
 19353 | Lair:3   | Identified a +0 great sword
 19482 | Lair:3   | Identified a ring of positive energy
 19634 | Lair:4   | Identified a +0 dagger
 19634 | Lair:4   | Identified a +0 robe
 19634 | Lair:4   | Noticed Josephine
 19644 | Lair:4   | Killed Josephine
 19667 | Lair:4   | Identified a +1 rapier of flaming (Trog gifted it to you on
                  | level 4 of the Lair of Beasts)
 19667 | Lair:4   | Received a gift from Trog
 19706 | Lair:4   | Identified a +2 great mace of holy wrath
 19706 | Lair:4   | Identified a +0 leather armour
 19706 | Lair:4   | Noticed Rupert
 19718 | Lair:4   | Killed Rupert
 19719 | Lair:4   | Reached skill level 5 in Evocations
 19915 | Lair:4   | Reached skill level 14 in Fighting
 19931 | Lair:4   | Identified a +1 sling of draining
 20026 | Lair:4   | Identified a +0 cloak
 20053 | Lair:4   | Identified a +0 long sword
 20057 | Lair:4   | Found a viscous altar of Jiyva.
 20057 | Lair:4   | Found a staircase to the Slime Pits.
 20497 | Lair:5   | Entered Level 5 of the Lair of Beasts
 20508 | Lair:5   | Reached skill level 15 in Armour
 20555 | Lair:5   | Reached skill level 6 in Dodging
 20669 | Lair:5   | Found a gate leading to a gauntlet.
 20699 | Gauntlet | Entered a Gauntlet
 20699 | Gauntlet | Found a transporter.
 20699 | Gauntlet | Found a transporter.
 20699 | Gauntlet | Found a runed translucent gate.
 20705 | Gauntlet | Found a runed translucent gate.
 20733 | Gauntlet | Found a transporter.
 20733 | Gauntlet | Found a transporter.
 20734 | Gauntlet | Identified a +0 dagger
 20734 | Gauntlet | Identified a +0 robe
 20735 | Gauntlet | Found a runed translucent gate.
 20737 | Gauntlet | Found a transporter.
 20737 | Gauntlet | Found a transporter.
 20771 | Gauntlet | Found a transporter.
 20775 | Gauntlet | Found a transporter.
 20783 | Gauntlet | Found a transporter.
 20799 | Gauntlet | Found a transporter.
 20815 | Gauntlet | Found a transporter.
 20818 | Gauntlet | Found a transporter.
 20855 | Gauntlet | Identified +0 steam dragon scales
 20870 | Gauntlet | Identified the +6 bardiche "Xurautt" {venom, rElec rPois
                  | Dex-3 Stlth+}
 20954 | Gauntlet | Identified the amulet "Oweazif" {RegenMP+ Int+3 Dex+4}
 20964 | Gauntlet | Identified a +0 plate armour
 20976 | Gauntlet | Identified a +3 long sword
 20976 | Gauntlet | Identified +0 pearl dragon scales
 20976 | Gauntlet | Identified a +0 chain mail
 20976 | Gauntlet | Identified a +6 ring of dexterity
 21157 | Lair:5   | Identified a +3 mace
 21170 | Lair:5   | Found a large runed translucent door.
 21173 | Lair:5   | Identified a +0 mace
 21197 | Lair:5   | Identified a +0 mace
 21249 | Lair:5   | Reached XP level 17. HP: 107/107 MP: 21/21
 21257 | Lair:5   | Found a large runed translucent door.
 21283 | Lair:5   | Identified +0 steam dragon scales
 22106 | Lair:5   | Identified +0 fire dragon scales
 22113 | Lair:5   | Identified a +4 ring of protection
 22120 | Lair:5   | Identified a +4 hand axe
 22269 | Shoals:1 | Entered Level 1 of the Shoals
 22273 | Shoals:1 | Identified a scarf of invisibility
 22369 | Shoals:1 | Identified a +0 trident
 22391 | Shoals:1 | Reached skill level 7 in Dodging
 22396 | Shoals:1 | Identified a +0 trident
 22512 | Shoals:1 | Identified a +0 trident
 22534 | Shoals:1 | Identified a +0 trident
 22569 | Shoals:1 | Identified a +0 orcbow
 22593 | Shoals:1 | Gained mutation: Your spells are a little harder to cast,
                  | but a little more powerful. [hidden potential]
 22593 | Shoals:1 | Lost mutation: You have hidden genetic potential. [hidden
                  | potential expressed]
 22643 | Shoals:1 | Identified a +0 trident
 22648 | Shoals:1 | Identified a +0 club
 22648 | Shoals:1 | Identified a +1 sling of electrocution
 22718 | Shoals:1 | Identified a +1 spear of venom
 22718 | Shoals:1 | Identified a +0 sling
 22720 | Shoals:1 | Identified a +0 quarterstaff
 22720 | Shoals:1 | Identified a +0 sling
 22724 | Shoals:1 | Found Uqaakhlol's Antique Weapon Emporium.
 22737 | Shoals:1 | Identified a +0 trident
 22780 | Shoals:1 | Identified a +0 spear
 22780 | Shoals:1 | Identified a +0 sling
 22783 | Shoals:1 | Identified a +0 spear
 22783 | Shoals:1 | Identified a +0 longbow
 22791 | Shoals:1 | Identified a +0 club
 22791 | Shoals:1 | Identified a +0 sling
 22792 | Shoals:1 | Identified a +0 club
 22792 | Shoals:1 | Identified a +0 sling
 23020 | Shoals:2 | Found a runed translucent gate.
 23021 | Shoals:2 | Found a runed translucent gate.
 23022 | Shoals:2 | Found a runed translucent gate.
 23028 | Shoals:2 | Found Wepaqaka's Weapon Emporium.
 23033 | Shoals:2 | Noticed jasper's ghost (adept MDFi)
 23056 | Shoals:2 | Killed jasper's ghost
 23059 | Shoals:2 | Identified a +6 ring of intelligence
 23115 | Shoals:2 | Identified a +2 scimitar of venom
 23134 | Shoals:2 | Reached skill level 8 in Shields
 23196 | Shoals:2 | Found a glacial archway.
 23206 | IceCv    | Entered an ice cave
 23255 | IceCv    | HP: 22/107 [minotaur simulacrum (11)]
 23257 | IceCv    | HP: 3/107 [spriggan defender simulacrum (19)]
 23368 | IceCv    | Reached skill level 15 in Fighting
 23374 | IceCv    | Identified the +11 dagger of Weinwufa {flame, Dex+3} (Trog
                  | gifted it to you in an ice cave)
 23374 | IceCv    | Received a gift from Trog
 23401 | IceCv    | Identified a +1 cloak of cold resistance
 23402 | IceCv    | Identified a +1 morningstar of freezing
 23567 | IceCv    | Noticed an Ice Fiend
 23591 | IceCv    | Killed an Ice Fiend
 23601 | IceCv    | Identified a +0 kite shield of cold resistance
 23610 | IceCv    | Identified a +2 tower shield of cold resistance
 23620 | IceCv    | Identified a +1 battleaxe of freezing
 23736 | Shoals:2 | Noticed a kraken
 23754 | Shoals:2 | HP: 26/108 [kraken (18)]
 23757 | Shoals:2 | HP: 7/162 [kraken (15)]
 23764 | Shoals:2 | Killed a kraken
 23972 | Shoals:2 | Identified a +0 spear
 23981 | Shoals:2 | Reached skill level 9 in Shields
 24028 | Shoals:2 | Identified a +0 club
 24028 | Shoals:2 | Identified a +0 sling
 24101 | Shoals:2 | Identified a +0 spear
 24101 | Shoals:2 | Identified a +0 sling
 24103 | Shoals:2 | --L
 24172 | Shoals:2 | HP: 27/108 [poisoned by a sea snake]
 24177 | Shoals:2 | HP: 12/108 [poisoned by a sea snake]
 24182 | Shoals:2 | HP: 12/108 [poisoned by a sea snake]
 24384 | Shoals:2 | Identified a +0 spear
 24578 | Shoals:2 | Noticed a kraken
 24754 | Shoals:3 | Identified a +0 short sword
 24805 | Shoals:3 | Identified a +0 spear
 24805 | Shoals:3 | Identified a +0 longbow
 24878 | Shoals:3 | Found Arreum's Armour Shoppe.
 24879 | Shoals:3 | Identified a +0 trident
 24880 | Shoals:3 | Identified a +0 trident
 25183 | Shoals:4 | Entered Level 4 of the Shoals
 25199 | Shoals:4 | Identified a +0 spear
 25234 | Shoals:4 | Identified a +0 spear
 25259 | Shoals:4 | Identified a +0 leather armour
 25265 | Shoals:4 | Identified a +1 quarterstaff of pain
 25265 | Shoals:4 | Noticed Bai Suzhen
 25269 | Shoals:4 | Identified a +0 giant spiked club
 25284 | Shoals:4 | Killed Bai Suzhen
 25290 | Shoals:4 | Identified a +0 trident
 25307 | Shoals:4 | Identified a +0 spear
 25318 | Shoals:4 | Identified a +3 heavy spear
 25318 | Shoals:4 | Identified a +0 leather armour
 25320 | Shoals:4 | Identified a +4 heavy spear
 25320 | Shoals:4 | Identified a +0 leather armour
 25331 | Shoals:4 | Identified a +0 trident of protection
 25331 | Shoals:4 | Identified a +0 rapier
 25331 | Shoals:4 | Identified a +0 robe of willpower
 25335 | Shoals:4 | Identified a +0 giant club
 25336 | Shoals:4 | Identified a +0 giant club
 25341 | Shoals:4 | Reached skill level 16 in Armour
 25343 | Shoals:4 | Reached XP level 18. HP: 54/114 MP: 14/22
 25343 | Shoals:4 | Identified a +0 rapier
 25343 | Shoals:4 | Identified a +0 robe
 25346 | Shoals:4 | Reached skill level 10 in Shields
 25347 | Shoals:4 | Identified a +0 club
 25347 | Shoals:4 | Identified a +1 longbow of electrocution
 25396 | Shoals:4 | Identified a +2 rapier of venom
 25396 | Shoals:4 | Identified a +0 robe
 25397 | Shoals:4 | Identified a +1 demon trident of venom
 25397 | Shoals:4 | Identified a +0 robe
 25609 | Shoals:4 | Identified a +1 heavy trident
 25609 | Shoals:4 | Identified a +0 trident
 25609 | Shoals:4 | Identified a +0 trident
 25639 | Shoals:4 | Identified a +0 halberd
 25640 | Shoals:4 | Identified a +0 halberd of venom
 25670 | Shoals:4 | Noticed Roxanne
 25708 | Shoals:4 | Identified a +0 spear
 25708 | Shoals:4 | Identified a +0 spear
 25708 | Shoals:4 | Identified a +0 longbow
 25708 | Shoals:4 | Identified a +0 spear
 25773 | Shoals:4 | Identified a +0 trident
 25773 | Shoals:4 | Identified a +0 trident
 25784 | Shoals:4 | Identified a +4 plate armour of willpower
 25870 | Shoals:4 | Identified a ring of see invisible
 25943 | Shoals:4 | Got a barnacled rune of Zot
 26074 | Shoals:4 | Identified a +0 ring mail
 26225 | Spider:1 | Entered Level 1 of the Spider Nest
 26348 | Spider:1 | Identified a +0 broad axe
 26348 | Spider:1 | Identified a +0 robe
 26349 | Spider:1 | Identified a +0 war axe
 26349 | Spider:1 | Identified a +0 leather armour
 26352 | Spider:1 | Identified a +0 hand axe
 26352 | Spider:1 | Identified a +0 robe
 26434 | Spider:1 | Reached skill level 11 in Shields
 26436 | Spider:1 | Identified a +0 giant spiked club
 26475 | Spider:1 | Identified a +0 giant spiked club
 26561 | Spider:1 | Found a transporter.
 26637 | Spider:1 | Found a transporter.
 26640 | Spider:1 | Noticed Seadyr's ghost (adept MDFi)
 26750 | Spider:1 | Identified a +0 giant club
 26764 | Spider:1 | HP: 27/115 [tarantella (7)]
 26768 | Spider:1 | Blown up by an orb spider

Table legend: (Time is in decaauts)
 A = Elapsed time spent in this place.
 B = Non-inter-level travel time spent in this place.
 C = Inter-level travel time spent in this place.
 D = Time resting spent in this place.
 E = Time spent auto-exploring this place.
 F = Levels seen in this place.
 G = Mean time per level.
                   A        B        C        D        E       F      G
               +--------+--------+--------+--------+--------+-----+--------+
         Total |  26097 |  24376 |   1721 |   1111 |  17020 |  33 |  790.8 |
       Dungeon |  11406 |  10621 |    785 |    452 |   8024 |  15 |  760.4 |
          Lair |   4957 |   4593 |    364 |    104 |   3573 |   5 |  991.4 |
        Shoals |   3490 |   3293 |    197 |    357 |   2170 |   4 |  872.5 |
   Spider Nest |    431 |    431 |      0 |      0 |    248 |   1 |  431.0 |
  Orcish Mines |   2063 |   1868 |    195 |     47 |   1107 |   2 | 1031.5 |
   Elven Halls |   1783 |   1605 |    178 |     60 |    864 |   2 |  891.5 |
         Sewer |    802 |    802 |      0 |     22 |    580 |   1 |  802.0 |
        Bailey |    353 |    353 |      0 |     36 |    152 |   1 |  353.0 |
      Ice Cave |    464 |    464 |      0 |      0 |    238 |   1 |  464.0 |
      Gauntlet |    344 |    344 |      0 |     30 |     61 |   1 |  344.0 |
               +--------+--------+--------+--------+--------+-----+--------+

Top non-repeatable levels by time:
   Elf:1: 1782 daAuts
   Orc:2: 1410 daAuts
     D:5: 1287 daAuts
  Lair:5: 1269 daAuts
     D:4: 1133 daAuts
  Lair:3: 1128 daAuts
  Lair:2: 1092 daAuts
Shoals:2: 983 daAuts
Shoals:1: 961 daAuts
    D:10: 915 daAuts
Shoals:4: 893 daAuts
  Lair:4: 829 daAuts
     D:3: 817 daAuts
   Sewer: 802 daAuts
     D:7: 777 daAuts

Table legend:
 A = Kills in this place as a percentage of kills in the entire game.
 B = Kills by you in this place as a percentage of kills by you in the entire game.
 C = Kills by friends in this place as a percentage of kills by friends in the entire game.
 D = Other kills in this place as a percentage of other kills in the entire game.
 E = Experience gained in this place as a percentage of experience gained in the entire game.
 F = Experience gained in this place divided by the number of levels of this place that you have seen.
                   A       B       C       D       E      F
               +-------+-------+-------+-------+-------+----------------------
         Total | 100.0 | 100.0 | 100.0 | 100.0 | 100.0 | 8533.8
       Dungeon |  36.0 |  36.0 |  29.4 |  50.0 |  21.2 | 3988.4
          Lair |  20.1 |  20.1 |  23.5 |   0.0 |  22.5 | 12688.4
        Shoals |   9.9 |   9.9 |  11.8 |   0.0 |  21.3 | 15024.0
   Spider Nest |   4.5 |   4.0 |  35.3 |   0.0 |   7.5 | 21013.0
  Orcish Mines |  13.8 |  14.0 |   0.0 |   0.0 |   6.0 | 8420.5
   Elven Halls |   6.6 |   6.7 |   0.0 |  50.0 |  14.9 | 21047.0
         Sewer |   2.7 |   2.7 |   0.0 |   0.0 |   0.1 | 404.0
        Bailey |   2.4 |   2.4 |   0.0 |   0.0 |   0.6 | 1808.0
      Ice Cave |   2.9 |   2.9 |   0.0 |   0.0 |   4.6 | 12834.0
      Gauntlet |   1.2 |   1.2 |   0.0 |   0.0 |   1.2 | 3257.0
               +-------+-------+-------+-------+-------+----------------------

Skill      XL: |  1  2  3  4  5  6  7  8  9 10 11 12 13 14 15 16 17 18 |
---------------+-------------------------------------------------------+-----
Short Blades   | 3 4 5 6 8 11 14 | 14.0
Dodging        | 2 3 4 6 7 |  7.0
Fighting       | 3 4 5 6 8 9 10 11 13 14 15 | 15.8
Armour         | 2 3 4 6 8 10 11 12 14 15 16 | 16.3
Evocations     | 3 5 |  5.0
Spellcasting   | 2 |  2.3
Shields        | 1 7 9 11 | 11.4

Action                     |  1- 3 |  4- 6 |  7- 9 | 10-12 | 13-15 | 16-18 || total
---------------------------+-------+-------+-------+-------+-------+-------++-------
  Melee: Short sword       |    50 |       |       |       |       |       ||    50
         Bite              |    24 |    70 |   121 |   257 |   305 |   627 ||  1404
         Dagger            |    65 |   283 |   434 |   334 |       |       ||  1116
         Unarmed           |       |       |    22 |       |       |       ||    22
         Punch             |       |       |     1 |       |       |       ||     1
         Rapier            |       |       |       |   308 |   756 |  1376 ||  2440
  Throw: Dart              |       |     1 |     1 |     1 |     3 |       ||     6
 Invoke: Berserk           |     1 |     1 |     5 |     3 |     3 |     5 ||    18
         Trog's Hand       |       |     2 |     4 |     1 |     8 |    13 ||    28
         Brothers in Arms  |       |       |       |     2 |     3 |     9 ||    14
  Evoke: Wand              |       |       |       |       |    16 |       ||    16
    Use: Scroll            |       |     8 |    12 |     8 |     9 |     5 ||    42
         Potion            |       |       |     2 |       |    10 |     3 ||    15
   Stab: Sleeping          |     4 |     1 |       |       |       |       ||     5
         Distracted        |       |     1 |       |       |       |     1 ||     2
         Held in net/web   |       |     1 |       |       |       |       ||     1
         Invisible         |       |       |       |       |     5 |       ||     5
 Armour: Animal skin       |    47 |   117 |       |       |       |       ||   164
         Chain mail        |       |     7 |   162 |    88 |       |       ||   257
         Skin              |       |       |    70 |       |       |       ||    70
         Gold dragon scale |       |       |       |   199 |   409 |   769 ||  1377
  Dodge: Dodged            |    54 |   103 |    99 |   234 |   150 |   423 ||  1063
         Repelled          |       |       |       |       |    39 |    23 ||    62
  Block: Other             |     6 |    53 |    62 |    60 |       |       ||   181
         Reflection        |       |     1 |     2 |    15 |    56 |    44 ||   118
         Buckler           |       |       |       |    78 |   142 |       ||   220
         Kite shield       |       |       |       |       |   239 |  1203 ||  1442

Vanquished Creatures
  Bai Suzhen (Shoals:4)
  Rupert (Lair:4)
  An Ice Fiend (IceCv)
  The ghost of jasper the Slayer, an adept MDFi of Okawaru (Shoals:2)
  A kraken (Shoals:2)
  Kirke (D:13)
  A deep elf sorcerer (Elf:1)
  An orc warlord (Orc:2)
  A stone giant (D:15)
  A deep elf death mage (Elf:1)
  A deep elf annihilator (Elf:1)
  A deep elf demonologist (Elf:1)
  A spark wasp (Spider:1)
  The ghost of croobank the Thaumaturge, a journeyman OpSu of Ru (Lair:2)
  A minotaur (Gauntlet)
  A merfolk impaler (Shoals:4)
  Josephine (Lair:4)
  A merfolk javelineer (Shoals:4)
  A fire dragon (Lair:5)
  A rakshasa (D:15)
  An ogre mage (D:13)
  Fannar (Orc:1)
  3 merfolk avatars
  A jorogumo (Spider:1)
  A caustic shrike simulacrum (IceCv)
  5 hydras
  A death knight (D:14)
  A catoblepas (Lair:3)
  2 merfolk aquamancers (Shoals:4)
  3 centaur warriors
  3 boulder beetles
  9 dancing weapons (Elf:1)
  4 satyrs
  5 two-headed ogres
  6 death yaks (Lair:3)
  A demonic crawler (Spider:1)
  2 tengu warriors
  Urug (Orc:1)
  An orc high priest (Elf:1)
  A hell knight (D:15)
  Amaemon (Lair:1)
  A fire crab (Lair:4)
  2 pharaoh ants (Spider:1)
  7 skysharks
  10 deep elf knights (Elf:1)
  2 skeletal warriors
  An arcanist (D:15)
  7 deep elf archers (Elf:1)
  13 sea snakes
  2 orb spiders (Spider:1)
  A bog body (IceCv)
  4 spriggan simulacra (IceCv)
  2 thermic dynamos (Elf:1)
  An orange crystal statue (IceCv)
  An obsidian statue (IceCv)
  A phantasmal warrior (D:14)
  13 deep elf zephyrmancers (Elf:1)
  3 obsidian bats
  13 deep elf pyromancers
  A steelbarb worm (Spider:1)
  8 harpies
  7 wolf spiders (Spider:1)
  5 oklob plants (Lair:4)
  4 orc knights
  2 orc sorcerers
  A lindwurm (Lair:5)
  10 cyclopes
  8 fauns
  14 manticores
  5 elephants
  6 meliai
  A moth of wrath (Spider:1)
  3 water nymphs
  14 slime creatures
  5 kobold blastminers
  2 torpor snails
  10 black mambas
  10 merfolk sirens
  An orange demon (Lair:1)
  A gargoyle (D:13)
  3 molten gargoyles (Lair:5)
  A kobold demonologist (D:12)
  2 unseen horrors
  13 cane toads
  2 tengu conjurers (D:15)
  A rime drake (Lair:1)
  6 freezing wraiths (IceCv)
  11 komodo dragons
  An anaconda simulacrum (IceCv)
  13 merfolk
  3 ice devils (IceCv)
  A golden dragon simulacrum (IceCv)
  A queen bee (Lair:2)
  8 trolls
  5 wind drakes
  Grinder (D:5)
  9 tarantellas
  A hornet (shapeshifter) (Elf:1)
  An alligator simulacrum (IceCv)
  8 polar bears
  7 blink frogs
  A hornet (Lair:2)
  A blink frog (shapeshifter) (D:14)
  3 jumping spiders (Spider:1)
  A raiju (Gauntlet)
  15 dream sheep
  6 snapping turtles
  10 wraiths
  3 culicivoras (Spider:1)
  A spriggan (shapeshifter) (Elf:1)
  6 shadows
  3 fire elementals (Elf:1)
  7 water elementals
  11 wyverns
  5 hogs (D:13)
  A dire elephant simulacrum (IceCv)
  44 yaks
  Eustachio (D:6)
  12 basilisks
  9 redbacks (Spider:1)
  17 vampire mosquitoes
  4 wargs
  4 minotaur simulacra (IceCv)
  4 steam dragons
  2 acid dragons (D:8)
  5 hell hounds (Lair:5)
  10 water moccasins
  3 ice beasts
  46 orc warriors
  5 black bears (Lair:1)
  2 ettin simulacra (IceCv)
  6 ogres
  11 wolves
  11 centaurs
  2 phantoms (D:5)
  A weeping skull (D:5)
  15 bullfrogs
  4 kobold brigands
  2 deep troll simulacra (IceCv)
  4 scorpions (D:6)
  3 earth elementals (Elf:1)
  8 wights
  7 killer bees
  3 lava snakes (Lair:5)
  3 howler monkeys
  A bullfrog zombie (D:5)
  A jelly (D:6)
  4 hounds
  25 orc priests
  A gnoll bouda (D:6)
  A sleepcap (D:4)
  Jessica (D:2)
  3 iguanas
  27 orc wizards
  7 hell rats (Lair:5)
  2 centaur simulacra
  A hound zombie (D:5)
  A spectral howler monkey (D:5)
  Robin (D:2)
  5 gnolls (D:6)
  12 adders
  3 river rats (Sewer)
  2 shadow imps (D:5)
  2 ufetubi (D:5)
  2 dart slugs (D:2)
  4 ribbon worms
  113 orcs
  11 endoplasms
  5 giant cockroaches
  20 goblins
  10 hobgoblins
  6 jackals (D:1)
  5 quokkas
  9 ball pythons
  8 bats
  4 frilled lizards
  15 kobolds
  14 rats
1021 creatures vanquished.

Vanquished Creatures (collateral kills)
  A spark wasp (Spider:1)
  A merfolk javelineer (Shoals:4)
  A merfolk aquamancer (Shoals:4)
  A centaur warrior (D:15)
  The ghost of D0namaru the Black Sun, a novice DsNe of Kikubaaqudgha (D:10)
  A skeletal warrior (D:10)
  3 orb spiders (Spider:1)
  A wolf spider (Spider:1)
  A manticore (D:15)
  A meliai (Lair:2)
  A freezing wraith (D:15)
  A tarantella (Spider:1)
  3 killer bees (Lair:2)
17 creatures vanquished.

Vanquished Creatures (others)
  Nessos (D:14)
  A deep elf knight (Elf:1)
  A human (D:13)
  An orc wizard (Orc:2)
  A bat (Orc:1)
  9 tentacles (Shoals:2)
14 creatures vanquished.

Grand Total: 1052 creatures vanquished
